AoeStats
← ITA | Raffy

Arena

504050014Analyzed
4v4 RM · 29d ago on Sep 3, 2026· 33m 15s· 8 players
Game mode
Random Map
Map size
Large (8 player)
Population
200
Speed
Normal
Resources
Standard
Victory
Conquest
Starting age
Dark Age
Ending age
Imperial Age
RankedLock teamsTeams togetherTeam positionsShared explorationLock speedFull tech treeHidden civsTurbo modeCheats
Victory
Defeat
🇳🇱 Portuguese · Netherlands
1396
+13
🇳🇱 Wei · Netherlands
1396
+13
🇨🇱 Malay · Chile
1351
+15
🇻🇳 Persians · Vietnam
1330
+16
🇫🇷 Georgians · France
1419
-17
🇮🇹 Portuguese · Italy
1418
-17
🇳🇱 Spanish · Netherlands
1269
-12
🇪🇸 Mongols · Spain
1256
-11
DD2E D10 Bulldozer
9:53 Feudal Age
9:28 Double-Bit Axe
17:13 Castle Age
17:00 Bow Saw
18:47 Fletching
19:48 Wheelbarrow
21:48 Gold Mining
26:26 Imperial Age
24:02 Pikeman
26:52 Chemistry
26:27 Conscription
27:58 Squires
30:11 Forging
31:42 Halberdier
Zilvervloot
10:57 Feudal Age
14:59 Castle Age
14:36 Double-Bit Axe
14:33 Horse Collar
14:48 Loom
19:44 Heavy Plow
19:38 Gold Mining
21:52 Stone Mining
22:45 Wheelbarrow
28:03 Imperial Age
26:45 Bow Saw
27:49 Fletching
27:58 Town Watch
29:12 Conscription
30:29 Siege Engineers
33:41 Chemistry
CallMePinda
11:43 Feudal Age
15:35 Castle Age
13:41 Double-Bit Axe
14:00 Horse Collar
15:57 Fletching
17:15 Bodkin Arrow
21:06 Padded Archer Armor
24:03 Wheelbarrow
24:18 Bow Saw
25:42 Heavy Plow
25:46 Gold Mining
25:48 Stone Mining
31:14 Imperial Age
29:13 Leather Archer Armor
29:26 Loom
29:58 Hand Cart
30:29 Bloodlines
30:19 Husbandry
32:02 Bracer
32:35 Parthian Tactics
32:16 Thumb Ring
33:13 Ballistics
La Apple
10:23 Feudal Age
13:50 Castle Age
11:58 Double-Bit Axe
12:23 Horse Collar
14:42 Bow Saw
18:36 Heavy Plow
20:34 Wheelbarrow
22:33 Hand Cart
23:11 Gold Mining
23:19 Stone Mining
25:36 Gold Shaft Mining
29:06 Imperial Age
26:25 Town Watch
26:26 Loom
26:59 Scale Barding Armor
27:34 Forging
28:45 Chain Barding Armor
29:01 Iron Casting
29:07 Iron Casting
28:45 Husbandry
28:55 Bloodlines
28:52 Cavalier
30:42 Plate Barding Armor
31:08 Blast Furnace
30:10 Savar
31:19 Conscription
31:48 Crop Rotation
32:25 Two-Man Saw
34:25 Chemistry
32:54 Light Cavalry
32:55 Heavy Camel Rider
33:28 Fletching
Le Miel Jospin
10:27 Feudal Age
14:05 Castle Age
12:25 Double-Bit Axe
12:23 Horse Collar
15:20 Bow Saw
21:33 Wheelbarrow
21:06 Heavy Plow
23:06 Stone Mining
24:44 Gold Mining
26:21 Hand Cart
28:41 Imperial Age
26:39 Scale Barding Armor
26:45 Forging
27:31 Bloodlines
27:58 Chain Barding Armor
29:00 Iron Casting
29:01 Elite Monaspa
30:13 Masonry
30:44 Husbandry
32:00 Plate Barding Armor
32:27 Blast Furnace
32:29 Conscription
Zikane
11:12 Feudal Age
15:10 Castle Age
12:57 Double-Bit Axe
13:09 Horse Collar
16:20 Bow Saw
16:12 Heavy Plow
18:51 Stone Mining
22:39 Fletching
25:56 Ballistics
25:35 Loom
26:26 Wheelbarrow
26:23 Padded Archer Armor
27:06 Bodkin Arrow
27:54 Leather Archer Armor
32:06 Imperial Age
30:30 Masonry
30:49 Scale Barding Armor
31:14 Thumb Ring
31:24 Forging
31:13 Light Cavalry
31:54 Husbandry
Tander
5:07 Loom
5:19 Loom
11:18 Feudal Age
12:22 Feudal Age
13:38 Double-Bit Axe
14:38 Horse Collar
17:51 Castle Age
16:55 Gold Mining
16:56 Stone Mining
22:18 Redemption
ITA | Raffy
10:27 Feudal Age
9:35 Loom
11:21 Feudal Age
15:23 Castle Age
13:28 Double-Bit Axe
14:15 Horse Collar
14:36 Stone Mining
15:18 Town Watch
16:42 Bow Saw
21:02 Wheelbarrow
21:01 Gold Mining
26:53 Imperial Age
24:14 Crossbowman
24:47 Fletching
27:00 Bodkin Arrow
27:39 Ballistics
28:43 Chemistry
29:09 Arquebus
Connection lost

Rejoining the realm…

Still unreachable

The connection could not be restored.

Session expired

The server has moved on; the page needs a fresh start.